 Dungeon Crawl Stone Soup version 0.27.1-33-g824d729ab1 (webtiles) character file.

Game seed: 9712403712332477675

239 Destapler the Magician (level 6, -3/48 (50) HPs)
             Began as a Gnoll Wanderer on Nov 29, 2021.
             Was a Believer of Kikubaaqudgha.
             Slain by a gnoll (8 damage)
             ... on level 3 of the Dungeon on Dec 1, 2021.
             The game lasted 00:13:05 (4944 turns).

Destapler the Magician (Gnoll Wanderer)             Turns: 4944, Time: 00:13:07

HP:   -3/48 (50)    AC:  2    Str: 12    XL:     6   Next: 7%
MP:   1/16          EV: 11    Int: 11    God:    Kikubaaqudgha [**....]
Gold: 227           SH:  4    Dex: 13    Spells: 12/19 levels left

rFire    . . .     SeeInvis .   k - +4 dagger
rCold    . . .     Faith    .   h - +0 buckler
rNeg     . . .     Spirit   .   c - +0 robe
rPois    .         Reflect  .   (no helmet)
rElec    .         Harm     .   (no cloak)
rCorr    .         Rampage  .   (no gloves)
Will     .....                  (no boots)
Stlth    ++........             (no amulet)
HPRegen  0.16/turn              (no ring)
MPRegen  0.15/turn              (no ring)

@: very slightly contaminated, lightly drained
A: fangs 1, strong nose, distributed training
a: Renounce Religion, Receive Corpses


You were on level 3 of the Dungeon.
You worshipped Kikubaaqudgha.
Kikubaaqudgha was pleased with you.
You visited 1 branch of the dungeon, and saw 4 of its levels.

You collected 227 gold pieces.

Inventory:

Hand Weapons
 a - a +0 falchion
 b - a +1 rapier of venom
 k - a +4 dagger (weapon)
Missiles
 i - 4 boomerangs
 l - a throwing net
Armour
 c - a +0 robe (worn)
 h - a +0 buckler (worn)
Jewellery
 g - a ring of positive energy
Scrolls
 d - a scroll of fear {unknown}
 e - a scroll of teleportation {unknown}
 f - a scroll of enchant weapon {unknown}
 j - a scroll of holy word {unknown}
 m - a scroll of fog {unknown}


   Skills:
 + Level 4.9 Fighting
 + Level 1.8 Short Blades
 + Level 6.8 Long Blades
 + Level 1.8 Axes
 + Level 1.8 Maces & Flails
 + Level 1.8 Polearms
 + Level 1.8 Staves
 + Level 1.8 Slings
 + Level 1.8 Bows
 + Level 1.8 Crossbows
 + Level 3.1 Throwing
 + Level 1.8 Armour
 + Level 1.8 Dodging
 + Level 1.8 Stealth
 + Level 1.8 Shields
 + Level 1.8 Unarmed Combat
 + Level 7.3 Spellcasting
 + Level 1.4 Conjurations
 + Level 1.4 Hexes
 + Level 1.4 Summonings
 + Level 1.4 Necromancy
 + Level 1.4 Translocations
 + Level 1.4 Transmutations
 + Level 1.4 Fire Magic
 + Level 1.4 Ice Magic
 + Level 1.4 Air Magic
 + Level 1.4 Earth Magic
 + Level 1.4 Poison Magic
 + Level 2.0 Invocations
 + Level 3.1 Evocations


You had 12 spell levels left.
You knew the following spells:

 Your Spells              Type           Power      Damage    Failure   Level
a - Magic Dart            Conj           28%        1d4       12%         1
b - Pain                  Necr           28%        1d5       12%         1
c - Vampiric Draining     Necr           3%         2d6       36%         3
B - Blink                 Tloc           N/A        N/A       19%         2

Your spell library contained the following spells:

 Spells                   Type           Power      Damage    Failure   Level
 Sandblast                Erth           14%        2d6       12%         1
 Call Imp                 Summ           7%         N/A       19%         2
 Corpse Rot               Necr/Air       N/A        N/A       19%         2
 Slow                     Hex            7%         N/A       19%         2
 Sublimation of Blood     Necr           3%         N/A       19%         2
 Conjure Flame            Conj/Fire      7%         6-21      36%         3
 Mephitic Cloud           Conj/Pois/Air  7%         N/A       36%         3
 Stone Arrow              Conj/Erth      14%        3d7       36%         3
 Manifold Assault         Tloc           7%         N/A       98%         5
 Storm Form               Tmut/Air       3%         N/A       100%        7


Dungeon Overview and Level Annotations

Branches:
Dungeon (4/15)
 Temple: D:4-7

Altars:
Kikubaaqudgha
Sif Muna


Innate Abilities, Weirdness & Mutations

You have very sharp teeth.
Your uncanny sense of smell can sniff out nearby items.
Your experience applies equally to all skills.


Message History

There is a stone staircase leading down here.
The gnoll writhes in agony.
The gnoll closely misses you.
You miscast Pain.
You are very lightly contaminated with residual magic.
Nothing appears to happen.
The gnoll misses you.
The gnoll resists with significant effort.
You block the gnoll's attack.
The gnoll resists with significant effort.
The gnoll hits you with a +0 flail.
You miscast Pain.
Nothing appears to happen.
The gnoll hits you with a +0 flail.
The gnoll writhes in agony.
The gnoll hits you with a +0 flail!
* * * LOW HITPOINT WARNING * * *
The gnoll writhes in agony.
The gnoll closely misses you.
Casting: Pain (safe; 12% risk of failure)
Confirm with . or Enter, or press ? or * to list all spells.
The spell is quite dangerous to cast (36% risk of failure)!
Continue anyway?
Aiming: Vampiric Draining (quite dangerous; 36% risk of failure)
Press: ? - help, Shift-Dir - straight line, f/p - gnoll
Aim: a gnoll, wielding a +0 flail (moderately wounded)
You miscast Vampiric Draining.
Nothing appears to happen.
The gnoll misses you.
Casting: Vampiric Draining (quite dangerous; 36% risk of failure)
Confirm with . or Enter, or press ? or * to list all spells.
The spell is quite dangerous to cast (36% risk of failure)!
Continue anyway?
Aiming: Vampiric Draining (quite dangerous; 36% risk of failure)
Press: ? - help, Shift-Dir - straight line, f/p - gnoll
Aim: a gnoll, wielding a +0 flail (moderately wounded)
You miscast Vampiric Draining.
Nothing appears to happen.
The gnoll closely misses you.
Casting: Vampiric Draining (quite dangerous; 36% risk of failure)
Confirm with . or Enter, or press ? or * to list all spells.
The spell is quite dangerous to cast (36% risk of failure)!
Continue anyway?
Aiming: Vampiric Draining (quite dangerous; 36% risk of failure)
Press: ? - help, Shift-Dir - straight line, f/p - gnoll
Aim: a gnoll, wielding a +0 flail (moderately wounded)
You miscast Vampiric Draining.
You feel very uncomfortable!
You feel drained.
* * * LOW HITPOINT WARNING * * *
The gnoll hits you with a +0 flail!
You die...
Kikubaaqudgha rasps: "You have failed me!
Welcome... death!"

≈P♣≈≈♣≈P...######.##########
P≈♣≈≈≈≈≈≈..# #..........#
≈♣≈≈.≈P.#..# #..#######.#
♣≈P≈P.#.#..# #..# #.#
≈P.##...#..######..# #.#
P..................# #.#
..######...#####..## #.#
########...# #.## #.# #
#.....†.## #@# #.# #.####.##
#g# #.# #.# #.# #.#### #.#
#.# #.# #....# #.# #.# #.#
####)# ##.# #.# #.# #.# #>.#
#.# ##(## #.# #.##
#.###...## #.# #.#
#.##.....########.# #.#


You could see a gnoll.

Vanquished Creatures
  A hound (D:4)
  An orc wizard (D:3)
  4 gnolls (D:3)
  2 adders
  An adder skeleton (D:4)
  A worm (D:2)
  5 dart slugs
  4 orcs (D:3)
  5 ball pythons
  10 endoplasms
  5 giant cockroaches
  6 goblins
  9 hobgoblins
  7 jackals
  2 quokkas
  5 bats
  3 frilled lizards
  3 kobolds
  22 rats
96 creatures vanquished.

Vanquished Creatures (others)
  2 orc wizards (D:3)
  28 plants (D:3)
30 creatures vanquished.

Grand Total: 126 creatures vanquished

Notes
Turn   | Place    | Note
-------+----------+-------------------------------------------
     0 | D:1      | Destapler the Gnoll Wanderer began the quest for the Orb.
     0 | D:1      | Destapler set off with the following items: a +0 falchion,
                  | a +0 robe; and the following spells available to memorise:
                  | Magic Dart, Sandblast, Blink, Call Imp, Slow, Conjure
                  | Flame, Mephitic Cloud, Stone Arrow
     0 | D:1      | Reached XP level 1. HP: 20/20 MP: 8/8
     2 | D:1      | Learned a level 1 spell: Magic Dart
   201 | D:1      | Reached XP level 2. HP: 26/26 MP: 10/10
   562 | D:1      | Reached XP level 3. HP: 14/31 MP: 8/11
  1261 | D:1      | Found a faded altar of an unknown god.
  1271 | D:1      | Reached skill level 1 in Invocations
  1297 | D:1      | Became a worshipper of Kikubaaqudgha
  1297 | D:1      | Reached * piety under Kikubaaqudgha
  1297 | D:1      | Received a gift from Kikubaaqudgha
  1301 | D:1      | Learned a level 2 spell: Blink
  1877 | D:2      | Reached skill level 1 in Short Blades
  1877 | D:2      | Reached skill level 1 in Axes
  1877 | D:2      | Reached skill level 1 in Maces & Flails
  1877 | D:2      | Reached skill level 1 in Polearms
  1877 | D:2      | Reached skill level 1 in Staves
  1877 | D:2      | Reached skill level 1 in Slings
  1877 | D:2      | Reached skill level 1 in Bows
  1877 | D:2      | Reached skill level 1 in Crossbows
  1877 | D:2      | Reached skill level 1 in Armour
  1877 | D:2      | Reached skill level 1 in Dodging
  1877 | D:2      | Reached skill level 1 in Stealth
  1877 | D:2      | Reached skill level 1 in Shields
  1877 | D:2      | Reached skill level 1 in Unarmed Combat
  1968 | D:2      | Reached XP level 4. HP: 30/38 MP: 13/13
  2124 | D:2      | Reached ** piety under Kikubaaqudgha
  2772 | D:2      | Reached skill level 1 in Conjurations
  2772 | D:2      | Reached skill level 1 in Hexes
  2772 | D:2      | Reached skill level 1 in Summonings
  2772 | D:2      | Reached skill level 1 in Necromancy
  2772 | D:2      | Reached skill level 1 in Translocations
  2772 | D:2      | Reached skill level 1 in Transmutations
  2772 | D:2      | Reached skill level 1 in Fire Magic
  2772 | D:2      | Reached skill level 1 in Ice Magic
  2772 | D:2      | Reached skill level 1 in Air Magic
  2772 | D:2      | Reached skill level 1 in Earth Magic
  2772 | D:2      | Reached skill level 1 in Poison Magic
  3292 | D:3      | Reached XP level 5. HP: 26/43 MP: 5/14
  3451 | D:3      | Found a shimmering blue altar of Sif Muna.
  3461 | D:3      | Learned a level 1 spell: Pain
  3465 | D:3      | Learned a level 3 spell: Vampiric Draining
  3845 | D:3      | HP: 1/43 [gnoll (8)]
  4676 | D:4      | Reached XP level 6. HP: 21/50 MP: 2/16
  4944 | D:3      | Slain by a gnoll

Illustrated notes

Levels and vault maps discovered:
D:1:      minmay_arrival_doors, layout_loops_cross,
          dreamdust_ecumenical_altar_hidden_monk_grotto, minivault_14
D:2:      layout_loops_corners, minmay_rat_hole
D:3:      layout_loops_ring, led_sif_book, serial_bayou_lagoon_a,
          chequers_serial_rivers_large_a
D:4:      layout_gridville, serial_forest, infiniplex_forest_straight_4,
          infiniplex_forest_3_way, infiniplex_forest_end_3,
          infiniplex_forest_diagonal, infiniplex_forest_lined_room_2,
          infiniplex_forest_straight_2, wad_rectangle_vault

Skill      XL: |  1  2  3  4  5 |
---------------+----------------+-----
Invocations    | 1 2 |  2.0
Short Blades   | 1 |  1.8
Axes           | 1 |  1.8
Maces & Flails | 1 |  1.8
Polearms       | 1 |  1.8
Staves         | 1 |  1.8
Slings         | 1 |  1.8
Bows           | 1 |  1.8
Crossbows      | 1 |  1.8
Armour         | 1 |  1.8
Dodging        | 1 |  1.8
Stealth        | 1 |  1.8
Shields        | 1 |  1.8
Unarmed Combat | 1 |  1.8
Conjurations   | 1 |  1.4
Hexes          | 1 |  1.4
Summonings     | 1 |  1.4
Necromancy     | 1 |  1.4
Translocations | 1 |  1.4
Transmutations | 1 |  1.4
Fire Magic     | 1 |  1.4
Ice Magic      | 1 |  1.4
Air Magic      | 1 |  1.4
Earth Magic    | 1 |  1.4
Poison Magic   | 1 |  1.4
Throwing       | 3 |  3.1
Evocations     | 3 |  3.1
Fighting       | |  4.9
Long Blades    | |  6.8
Spellcasting   | |  7.3

Action                   |  1- 3 |  4- 6 || total
-------------------------+-------+-------++-------
Melee: Falchion          |    69 |       ||    69
       Bite              |     4 |    10 ||    14
       Dagger            |    37 |    91 ||   128
       Rapier            |       |     1 ||     1
Throw: Boomerang         |       |     1 ||     1
 Cast: Magic Dart        |    65 |    80 ||   145
       Pain              |       |    44 ||    44
       Vampiric Draining |       |     4 ||     4
Invok: Receive Corpses   |       |     1 ||     1
  Use: Potion            |       |     1 ||     1
 Stab: Sleeping          |     1 |       ||     1
Armor: Robe              |    26 |    14 ||    40
Dodge: Dodged            |    52 |    61 ||   113
Block: Buckler           |       |    13 ||    13
       Rpst.: Falchion   |    14 |       ||    14
